 Dungeon Crawl Stone Soup version 0.31-a0-246-g8cbcc1cb85 (webtiles) character file.

Game seed: 14197353743755166365

42 Iniera the Sneak (level 3, -5/29 HPs)
             Began as a Demonspawn Brigand on July 13, 2023.
             Slain by Sigmund
             ... wielding a +0 scythe
              (6 damage)
             ... on level 2 of the Dungeon.
             The game lasted 00:01:51 (1367 turns).

Iniera the Sneak (Demonspawn Brigand)               Turns: 1367, Time: 00:01:51

Health: -5/29      AC:  9    Str: 13    XL:     3   Next: 35%
Magic:  3/3        EV:  6    Int: 12    God:
Gold:   33         SH:  0    Dex: 14    Spells: 2/2 levels left

rFire   . . .        e - +0 dagger (elec)
rCold   . . .        (no shield)
rNeg    . . .        k - +0 chain mail
rPois   .            (helmet restricted)
rElec   .            c - +0 cloak
rCorr   .            (no gloves)
SInv    .            (no boots)
Will    .....        (no amulet) Stlth
                     (no ring)
HPRegen 0.24/turn    (no ring)
MPRegen 0.08/turn

%: no passive effects
@: no status effects
A: antennae 1, condensation shield
a: no special abilities


You were on level 2 of the Dungeon.
You visited 1 branch of the dungeon, and saw 2 of its levels.

You collected 33 gold pieces.

Inventory:

Hand Weapons
 e - a +0 dagger of electrocution (weapon)
Missiles
 d - 9 poisoned darts (quivered)
 z - 3 curare-tipped darts
Armour
 c - a +0 cloak (worn)
 k - a +0 chain mail (worn)
Scrolls
 a - 2 scrolls of teleportation {unknown}
 f - 2 scrolls of identify {unknown}
 g - a scroll of fear {unknown}
 h - a scroll of immolation {unknown}
Potions
 j - a potion of berserk rage {unknown}


   Skills:
 + Level 3.5 Fighting
 - Level 1.8 Short Blades
 - Level 2.0 Throwing
 + Level 0.3 Armour
 - Level 0.9 Dodging
 - Level 3.6 Stealth


You had 2 spell levels left.
You didn't know any spells.
Your spell library was empty.

Dungeon Overview and Level Annotations

Branches:
Dungeon (2/15)

Altars:

Annotations:
D:2 Sigmund


Innate Abilities, Weirdness & Mutations

You have a pair of small antennae on your head.
A meltable shield of frost defends you. (SH +0)


Message History

You hit the goblin.
You kill the goblin!
No target in view!
No target in view!
No target in view!
No target in view!
No target in view!
No target in view!
You see here a +0 dagger.
Sigmund the Dreaded comes into view.
He is wielding a +0 scythe and wearing a +0 robe of willpower.
Sigmund shouts!
Sigmund is nearby!
Sigmund gestures wildly while chanting.
Sigmund flickers and vanishes!
Deactivating autopickup; reactivate with Ctrl-A.
No target in view!
Something hits you!
No target in view!
You miss something. Something hits you.
You hit something. Lightning courses through something! You miss something.
You hear some strange, mumbled words.
You are confused.
You miss something.
You hear some strange, mumbled words.
A puff of flame appears from out of thin air!
The puff of flame hits you.
Your condensation shield dissipates!
You bump into the rock wall.
You hear some strange, mumbled words.
A puff of flame appears from out of thin air!
The puff of flame hits you!
It was a potion of cancellation.
Your magical effects are unravelling.
You feel magically purged.
You feel less confused. Something hits you!
* * * LOW HITPOINT WARNING * * *
You miss something. Something hits you.
You die...

####################
................@..#
.########.#####..{..#
.♣ ♣.♣♣ #####..... .♣
♣♣.♣♣ #### .♣ ♣♣.♣ .♣
♣.♣ ♣♣ ♣.♣ ♣ ♣.♣ ♣.♣


There were no monsters in sight!

Vanquished Creatures
  4 bats
  3 endoplasms (D:1)
  A giant cockroach (D:1)
  4 goblins
  4 hobgoblins
  4 jackals (D:1)
  3 quokkas (D:1)
  A ball python (D:1)
  4 frilled lizards
  4 kobolds (D:1)
  5 rats
37 creatures vanquished.

Notes
Turn   | Place    | Note
-------+----------+-------------------------------------------
     0 | D:1      | Iniera the Demonspawn Brigand began the quest for the Orb.
     0 | D:1      | Reached XP level 1. HP: 16/16 MP: 1/1
   191 | D:1      | Gained mutation: You have a pair of small antennae on your
                  | head. [demonic ancestry]
   191 | D:1      | Reached XP level 2. HP: 23/23 MP: 2/2
   804 | D:1      | Gained mutation: A meltable shield of frost defends you.
                  | (SH +0) [demonic ancestry]
   804 | D:1      | Reached XP level 3. HP: 11/29 MP: 3/3
   966 | D:1      | Found a faded altar of an unknown god.
  1356 | D:2      | Noticed Sigmund
  1366 | D:2      | HP: 1/29 [something (8)]
  1367 | D:2      | Slain by Sigmund

Illustrated notes

Levels and vault maps discovered:
D:1:      nagdon_arrival_double_spiral, layout_loops_corners, serial_glass,
          glass_columns_c, glass_columns_c,
          shapermc_ecumenical_altar_starsandcircs
D:2:      kb_forest_paths, layout_basic, uniq_sigmund, uniq_crazy_yiuf_cottage

Skill      XL: |  1  2 |
---------------+-------+-----
Throwing       | 2 |  2.0
Fighting       | 3 |  3.5
Short Blades   | |  1.8
Armour         | |  0.3
Dodging        | |  0.9
Stealth        | |  3.6

Action                     || total
---------------------------++-------
  Melee: Dagger            ||   149
    Use: Potion            ||     1
   Stab: Sleeping          ||     4
 Armour: Robe              ||    25
         Chain mail        ||    16
  Dodge: Dodged            ||    94
  Block: Other             ||    11

Table legend: (Time is in decaauts)
 A = Elapsed time spent in this place.
 B = Non-inter-level travel time spent in this place.
 C = Inter-level travel time spent in this place.
 D = Time resting spent in this place.
 E = Time spent auto-exploring this place.
 F = Levels seen in this place.
 G = Mean time per level.
                   A        B        C        D        E       F      G
               +--------+--------+--------+--------+--------+-----+--------+
         Total |   1353 |   1311 |     42 |      0 |    999 |   2 |  676.5 |
       Dungeon |   1353 |   1311 |     42 |      0 |    999 |   2 |  676.5 |
               +--------+--------+--------+--------+--------+-----+--------+

Top non-repeatable levels by time:
     D:1: 1184 daAuts
     D:2: 168 daAuts
